 Dungeon Crawl Stone Soup version 0.26-a0-597-gb535b0901c (webtiles) character file.

Game seed: 1894375823140814293

3 Lanoc the Sneak (level 1, 0/15 HPs)
             Began as a Halfling Delver on Aug 25, 2020.
             Slain by a big kobold
             ... wielding a cursed -1 whip
              (2 damage)
             ... in a sewer.
             The game lasted 00:02:06 (451 turns).

Lanoc the Sneak (Halfling Delver)                    Turns: 451, Time: 00:02:07

Health: 0/15       AC: 12    Str: 21    XL:     1   Next: 55%
Magic:  1/1        EV:  9    Int:  8    God:
Gold:   0          SH:  0    Dex: 15    Spells: 0/0 levels left

rFire    x . .     SeeInvis .   a - +0 short sword
rCold    . . .     Faith    .   (shield restricted)
rNeg     . . .     Spirit   .   d - +2 plate armour of Mutualism {rPois rF- Str+8 Slay-3}
rPois    +         Reflect  .   (no helmet)
rElec    .         Harm     .   (no cloak)
rCorr    .                      (no gloves)
MR       .....                  (no boots)
Stlth    ..........             (no amulet)
HPRegen  0.05/turn              (no ring)
MPRegen  0.07/turn              (no ring)

@: no status effects
A: small, mutation resistance 1
a: no special abilities


You were in a sewer.
You visited 1 branch of the dungeon, and saw 1 of its levels.
You also visited: Sewer.

Inventory:

Hand Weapons
 a - a +0 short sword (weapon)
Armour
 d - the +2 plate armour of Mutualism (worn) {rPois rF- Str+8 Slay-3}
   (You found it on level 5 of the Dungeon)

   It affects your strength (+8).
   It affects your accuracy and damage with ranged weapons and melee attacks
   (-3).
   It makes you vulnerable to fire.
   It protects you from poison.


   Skills:
 + Level 2.7 Fighting
 + Level 2.5 Short Blades
 + Level 0.2 Armour
 + Level 2.3 Dodging
 - Level 5.4 Stealth


You couldn't memorise any spells.
You didn't know any spells.
Your spell library was empty.

Dungeon Overview and Level Annotations

Branches:
Dungeon (5/15)             Temple (0/1) D:5           Sewer (1/1)

Altars:


Innate Abilities, Weirdness & Mutations

You are small and have problems with some larger weapons.
You are somewhat resistant to further mutation.


Message History

You hit the big kobold but do no damage.
The big kobold is heavily wounded.
The big kobold barely misses you.
You hit the big kobold.
The big kobold is heavily wounded.
The big kobold hits you but does no damage.
You barely miss the big kobold.
The big kobold is heavily wounded.
The big kobold hits you but does no damage.
You closely miss the big kobold.
The big kobold is heavily wounded.
The big kobold hits you with a cursed -1 whip.
* * * LOW HITPOINT WARNING * * *
You closely miss the big kobold.
The big kobold is heavily wounded.
The big kobold hits you but does no damage.
You closely miss the big kobold.
The big kobold is heavily wounded.
The big kobold hits you with a cursed -1 whip.
You die...

##### ##### ##..[# #####
#@KK#####..### #
####...######K..##..## .#.
##........#####§......##
....#.........†.##.............
....'....K.KK(†................
....#≈..≈≈.≈....................
.#. #≈≈≈≈≈≈≈..≈≈.≈...≈.........≈
# #≈≈≈≈≈≈≈≈≈≈≈≈≈≈≈≈≈≈.....≈≈..
≈≈≈≈≈≈≈≈≈≈≈≈≈≈≈≈≈≈≈≈...≈≈.≈≈≈


You could see a big kobold and 2 kobolds.

Vanquished Creatures
  5 rats
5 creatures vanquished.

Notes
Turn   | Place    | Note
-------+----------+-------------------------------------------
     0 | D:5      | Lanoc the Halfling Delver began the quest for the Orb.
     0 | D:5      | Reached XP level 1. HP: 15/15 MP: 1/1
    11 | D:5      | Noticed a jelly
    19 | D:5      | Got a smoking plate armour
    31 | D:5      | Noticed an orc wizard
    31 | D:5      | Noticed an orc wizard
    54 | D:5      | Found a glowing drain.
    58 | Sewer    | Entered a sewer
   325 | Sewer    | Identified the +2 plate armour of Mutualism {rPois rF-
                  | Str+8 Slay-3} (You found it on level 5 of the Dungeon)
   380 | Sewer    | Noticed a big kobold
   451 | Sewer    | Slain by a big kobold

Illustrated notes

Levels and vault maps discovered:
D:5:      layout_loops_ring, grunt_gozag_breadcrumbs, kennysheep_mini,
          minmay_temple_entry_statues_fountains, ebering_ghost_disaster_area,
          gup_sewer_entry_spiral, uniq_eustachio
Sewer:    sewer_minmay_treatment

Action                   || total
-------------------------++-------
Melee: Short sword       ||    56
Evoke: Wand              ||     3
  Use: Scroll            ||     3
       Potion            ||     1
Armor: Plate armour      ||    29
       Leather armour    ||     3
Dodge: Dodged            ||    21

Table legend: (Time is in decaauts)
 A = Elapsed time spent in this place.
 B = Non-inter-level travel time spent in this place.
 C = Inter-level travel time spent in this place.
 D = Time resting spent in this place.
 E = Time spent auto-exploring this place.
 F = Levels seen in this place.
 G = Mean time per level.
                   A        B        C        D        E       F      G
               +--------+--------+--------+--------+--------+-----+--------+
         Total |    434 |    434 |      0 |    250 |      9 |   2 |  217.0 |
       Dungeon |     48 |     48 |      0 |      0 |      0 |   1 |   48.0 |
         Sewer |    386 |    386 |      0 |    250 |      9 |   1 |  386.0 |
               +--------+--------+--------+--------+--------+-----+--------+

Top non-repeatable levels by time:
   Sewer: 386 daAuts
     D:5: 48 daAuts
